 Dungeon Crawl Stone Soup version 0.17.0-28-g6e173f8 (webtiles) character file.

315 dohliylev the Covert (level 6, -4/30 HPs)
             Began as a Vine Stalker Assassin on Nov 30, 2015.
             Was an Initiate of Dithmenos.
             Shot with a sling bullet by Joseph (8 damage)
             ... on level 7 of the Dungeon.
             The game lasted 00:15:07 (2634 turns).

dohliylev the Covert (Vine Stalker Assassin)        Turns: 2634, Time: 00:15:07

Health: -4/30      AC:  4    Str: 14    XL:     6   Next: 43%
Magic:  0/7        EV: 12    Int: 11    God:    Dithmenos [......]
Gold:   231        SH:  0    Dex: 17    Spells: 0 memorised, 5 levels left

rFire  . . .     SeeInvis .     r - +2 dagger (speed)
rCold  . . .     Clarity  .     w - +0 robe {MR+}
rNeg   . . .     SustAt   .     (no shield)
rPois  .         Gourm    .     (no helmet)
rElec  .         Spirit   +     d - +0 cloak
rCorr  .         Warding  .     q - +0 pair of gloves
rMut   .         Stasis   .     (no boots)
MR     +....                    (no amulet)
Stlth  ++++......               (no ring)
                                (no ring)

@: somewhat resistant to hostile enchantments, stealthy
A: fangs 2, regeneration 2, magic shield, antimagic bite, no device heal 3, rot
immunity
a: Renounce Religion


You were on level 7 of the Dungeon.
You worshipped Dithmenos.
Dithmenos was noncommittal.
You were very hungry.

You visited 2 branches of the dungeon, and saw 7 of its levels.

You collected 231 gold pieces.

Inventory:

Hand Weapons
 b - a +0 blowgun
 r - a +2 dagger of speed (weapon)
Missiles
 e - 5 poisoned needles
 f - 8 curare-tipped needles
Armour
 c - a +0 robe
 d - a +0 cloak (worn)
 q - a +0 pair of gloves (worn)
 w - a +0 robe of magic resistance (worn)
Wands
 v - a wand of polymorph (16)
 C - a wand of random effects (12)
Scrolls
 h - 2 scrolls of teleportation {unknown}
 i - 2 scrolls of recharging {unknown}
 n - a scroll of magic mapping {unknown}
 o - 2 scrolls of identify {unknown}
 t - 2 scrolls of remove curse
 y - 2 scrolls of enchant armour {unknown}
 z - 2 scrolls of noise {unknown}
 A - a scroll of enchant weapon {unknown}
Potions
 j - 2 potions of brilliance {unknown}
 k - 3 potions of degeneration {unknown}
 l - a potion of flight {unknown}
 m - a potion of invisibility {unknown}
 p - a potion of agility {unknown}
 x - 2 potions of might {unknown}
 B - a potion of berserk rage {unknown}
Books
 D - a book of Fire

   Spells                             Type                      Level
   a - Ignite Poison                  Fire/Transmutation/Poison    3
   b - Fireball                       Conjuration/Fire             5
   c - Bolt of Fire                   Conjuration/Fire             6
   d - Delayed Fireball               Conjuration/Fire             7
   e - Ring of Flames                 Charms/Fire                  7
   Dithmenos disapproves of the use of such an item.
Comestibles
 a - 3 meat rations
 g - 4 bread rations
 s - 2 beef jerkies
 u - 3 fruits


   Skills:
 + Level 2.2 Fighting
 + Level 2.0 Short Blades
 + Level 2.0 Throwing
 + Level 1.7 Dodging
 * Level 8.7 Stealth


You had 5 spell levels left.
You didn't know any spells.

Dungeon Overview and Level Annotations

Branches:
Dungeon (7/15)             Temple (1/1) D:4

Altars:
Ashenzari
Cheibriados
Dithmenos
Elyvilon
Gozag
Nemelex Xobeh
Okawaru
Qazlal
Ru
Trog
Vehumet
Xom
Yredelemnul
Zin
The Shining One

Shops:
D:6 [

Annotations:
D:7 Joseph


Innate Abilities, Weirdness & Mutations

You have extremely sharp teeth.
You heal very quickly.
When hurt, damage is shared between your health and your magic reserves.
Your bite disrupts and absorbs the magic of your enemies.
Potions and wands cannot restore your health.
You are immune to rotting.


Message History

The ice beast closely misses you.
Found a crooked fluorescent wand.
You see here a longbow.
You see here 14 gold pieces.
You see here a crooked fluorescent wand.
Eat which item? (? for menu, Esc to quit)
You are feeling very hungry.
The ice beast hits you but does no damage.
That apple was delicious!
A giant frog comes into view.
Joseph, a Mercenary comes into view.
He is wielding a quarterstaff of protection.
The giant frog croaks.
Joseph shouts!
You hear a shout!
You hear a shout!
The giant frog misses you.
Joseph unwields an uncursed quarterstaff of protection.
Joseph wields a glowing hunting sling.
It bursts into flame!
Joseph shoots a sling bullet.
The sling bullet hits you!!
Ouch! That really hurt!
* * * LOW HITPOINT WARNING * * *
The sling bullet burns you!
You die...

############
#......../.#
#.##...###.#
#.#.###.#
#.#...#.#
..#.##F###.#$#
#......@.#.#)#
#...##.#Y#.#.#
# @..#.#.#.##
#.####.#.<).#
# #....#.#..#
#......#..#
########..#
...# ...#


You could see Joseph, an ice beast and a giant frog.

Vanquished Creatures
  2 hounds (D:4)
  A crimson imp (D:6)
  A centaur skeleton (D:4)
  An orc wizard (D:6)
  Jessica (D:2)
  Natasha (thrice) (D:2 D:3)
  2 adders (D:2)
  A worm (D:3)
  5 orcs
  4 bats
  5 giant cockroaches
  8 goblins
  8 hobgoblins
  4 jackals (D:2)
  2 quokkas (D:2)
  A ball python (D:3)
  3 giant geckos
  8 giant newts
  6 kobolds
  10 rats
76 creatures vanquished.

Notes
Turn   | Place    | Note
--------------------------------------------------------------
     0 | D:1      | dohliylev the Vine Stalker Assassin began the quest for the Orb.
     0 | D:1      | Reached XP level 1. HP: 11/11 MP: 2/2
   130 | D:1      | Reached skill level 5 in Stealth
   241 | D:1      | Reached XP level 2. HP: 15/15 MP: 3/3
   451 | D:2      | Found a bloodstained altar of Trog.
   469 | D:2      | Reached skill level 6 in Stealth
   475 | D:2      | Reached XP level 3. HP: 18/18 MP: 4/4
   749 | D:2      | Noticed Jessica
   756 | D:2      | Killed Jessica
   756 | D:2      | Reached XP level 4. HP: 23/23 MP: 5/5
   796 | D:2      | Reached skill level 7 in Stealth
   992 | D:2      | Noticed Natasha
  1004 | D:2      | Killed Natasha
  1004 | D:2      | Reached skill level 1 in Dodging
  1142 | D:3      | Found a faded altar to an unknown god.
  1176 | D:2      | Reached XP level 5. HP: 9/26 MP: 6/6
  1444 | D:3      | Noticed Natasha
  1457 | D:3      | Killed Natasha
  1507 | D:3      | Noticed Natasha
  1556 | D:3      | Killed Natasha
  1955 | D:4      | Found a staircase to the Ecumenical Temple.
  1960 | Temple   | Entered the Ecumenical Temple
  2011 | Temple   | Became a worshipper of Dithmenos the Shadowed
  2153 | D:4      | Reached skill level 8 in Stealth
  2163 | D:4      | Gained mutation: You heal very quickly. [Vine Stalker growth]
  2163 | D:4      | Reached XP level 6. HP: 16/30 MP: 5/7
  2333 | D:4      | You fall through a shaft for 2 floors!
  2334 | D:6      | Found Comoit's Antique Armour Boutique.
  2369 | D:6      | Found a white marble altar of Elyvilon.
  2369 | D:6      | Found a sparkling altar of Nemelex Xobeh.
  2634 | D:7      | Noticed Joseph
  2634 | D:7      | Shot with a sling bullet by Joseph

Action                   |  1- 3 |  4- 6 || total
-------------------------+-------+-------++-------
Melee: Dagger            |    55 |   123 ||   178
 Fire: Blowgun           |       |    23 ||    23
  Use: Scroll            |       |     1 ||     1
 Stab: Sleeping          |    14 |    19 ||    33
       Distracted        |       |     2 ||     2
  Eat: Chunk             |       |     3 ||     3
       Fruit             |       |     1 ||     1
